 Dungeon Crawl Stone Soup version 0.25.0-11-g1f837a76a1 (webtiles) character file.

Game seed: 17558396977725444407

46 Malachi the Skirmisher (level 3, 0/29 HPs)
             Began as a Demonspawn Chaos Knight on June 24, 2020.
             Was a Plaything of Xom.
             Slain by an ufetubus (1 damage)
             ... summoned by Xom
             ... on level 2 of the Dungeon.
             The game lasted 00:02:35 (1265 turns).

Malachi the Skirmisher (Demonspawn Chaos Knight)    Turns: 1265, Time: 00:02:36

Health: 0/29       AC:  7    Str: 14 (15) XL:     3   Next: 44%
Magic:  3/3        EV: 11    Int: 13      God:    Xom [.*....]
Gold:   26         SH:  0    Dex: 13 (14) Spells: 2/2 levels left

rFire    . . .     SeeInvis .   a - +0 hand axe (chaos)
rCold    . . .     Gourm    .   (no shield)
rNeg     . . .     Faith    .   b - +2 leather armour
rPois    .         Spirit   .   (no helmet)
rElec    .         Reflect  .   (no cloak)
rCorr    .         Harm     .   (no gloves)
MR       .....     Clarity  +   (no boots)
Stlth    +.........             (no amulet)
HPRegen  0.09/turn              (no ring)
MPRegen  0.08/turn              (no ring)

@: lethally poisoned (0 -> -3), about to teleport
A: iridescent scales 1, agile 1, clarity, strong 1
a: Renounce Religion


You were on level 2 of the Dungeon.
You worshipped Xom.
You were a plaything of Xom.
You were very hungry.

You visited 1 branch of the dungeon, and saw 2 of its levels.

You collected 26 gold pieces.

Inventory:

Hand Weapons
 a - a +0 hand axe of chaos (weapon)
Armour
 b - a +2 leather armour (worn)
Scrolls
 f - a scroll of remove curse {unknown}
Comestibles
 c - 2 rations


   Skills:
 + Level 3.5 Fighting
 + Level 3.3 Axes
 + Level 1.9 Armour
 + Level 1.4 Dodging
 + Level 0.1 Stealth


You had 2 spell levels left.
You didn't know any spells.
Your spell library was empty.

Dungeon Overview and Level Annotations

Branches:
Dungeon (2/15)

Altars:


Innate Abilities, Weirdness & Mutations

You are partially covered in iridescent scales. (AC +2)
You are agile. (Dex +2)
You possess an exceptional clarity of mind.
Your muscles are strong. (Str +2)


Message History

* * * LOW HITPOINT WARNING * * *
The ufetubus closely misses you.
The quasit bites you but does no damage.
The quasit claws you.
* * * LOW HITPOINT WARNING * * *
The quasit claws you.
* * * LOW HITPOINT WARNING * * *
The ufetubus closely misses you. x2
The quasit bites you but does no damage.
The quasit claws you but does no damage.
The quasit misses you.
As you read the scroll labeled NESIAHE INTI, it crumbles to dust.
You feel strangely unstable.
It was a scroll of teleportation.
The ufetubus closely misses you. The ufetubus barely misses you.
The quasit barely misses you. The quasit claws you.
* * * LOW HITPOINT WARNING * * *
The quasit claws you but does no damage.
The ufetubus hits you.
You die... "It was about time."

...
#.#
#.#
#.#
#.#
#.#
#5#
#@#
#5#
#.#
#.##
#..#
##.#
#>#
#)#
#.#
.#


You could see a quasit (summoned) and an ufetubus (summoned).

Vanquished Creatures
  An adder (D:2)
  A worm (D:2)
  A dart slug (D:1)
  2 leopard geckos (D:1)
  A giant cockroach (D:1)
  6 goblins (D:1)
  3 hobgoblins (D:1)
  2 jackals (D:1)
  3 bats (D:1)
  2 frilled lizards (D:1)
  4 kobolds
  3 rats (D:1)
29 creatures vanquished.

Notes
Turn   | Place    | Note
-------+----------+-------------------------------------------
     0 | D:1      | Malachi the Demonspawn Chaos Knight began the quest for the
                  | Orb.
     0 | D:1      | Reached XP level 1. HP: 18/18 MP: 1/1
    45 | D:1      | XOM: silly message
   261 | D:1      | Reached skill level 1 in Dodging
   275 | D:1      | Gained mutation: You are partially covered in iridescent
                  | scales. (AC +2) [demonic ancestry]
   275 | D:1      | Reached XP level 2. HP: 24/24 MP: 2/2
   502 | D:1      | XOM: silly message
   533 | D:1      | Reached XP level 3. HP: 21/29 MP: 3/3
   815 | D:1      | XOM: give mutation
   815 | D:1      | Gained mutation: Scrolls take you a little longer to read.
                  | [Xom's mischief]
  1031 | D:2      | XOM: enchant monster (good)
  1119 | D:2      | XOM: stat loss: -1 Str (12/13)
  1257 | D:2      | XOM: summons 2 hostile demons
  1261 | D:2      | Lost mutation: Scrolls take you a little longer to read.
                  | [potion of mutation]
  1261 | D:2      | Gained mutation: You are agile. (Dex +2) [potion of
                  | mutation]
  1261 | D:2      | Gained mutation: You possess an exceptional clarity of
                  | mind. [potion of mutation]
  1261 | D:2      | Gained mutation: Your muscles are strong. (Str +2) [potion
                  | of mutation]
  1265 | D:2      | HP: 1/29 [quasit[Xom] (1)]
  1265 | D:2      | Slain by an ufetubus

Illustrated notes

Levels and vault maps discovered:
D:1:      dpeg_arrival_fog, layout_rooms
D:2:      layout_loops_ring, lemuel_coloured_pillars_altar

Skill      XL: |  1 |
---------------+----+-----
Dodging        | 1 |  1.4
Axes           | 3 |  3.3
Fighting       | |  3.5
Armour         | |  1.9
Stealth        | |  0.1

Action                   || total
-------------------------++-------
Melee: Hand axe          ||    95
  Use: Scroll            ||     4
       Potion            ||     1
Armor: Leather armour    ||    55
Dodge: Dodged            ||    80
